 Dungeon Crawl Stone Soup version 0.30-a0-365-ge7f957f1db (webtiles) character file.

Game seed: 12103715004094328818

5707 koil the Grappler (level 10, 0/102 HPs)
             Began as a Troll Berserker on Nov 17, 2022.
             Was a High Priest of Trog.
             Succumbed to holysushi's ghost's poison
             ... on level 9 of the Dungeon.
             The game lasted 00:19:43 (7017 turns).

koil the Grappler (Troll Berserker)                 Turns: 7017, Time: 00:19:44

Health: 0/102      AC:  9    Str: 31    XL:     10   Next: 48%
Magic:  9/9        EV: 11    Int:  3    God:    Trog [*****.]
Gold:   769        SH:  0    Dex:  9    Spells: 9/9 levels left

rFire   + . .      SeeInvis .      - Unarmed
rCold   + . .      Faith    .    (no shield)
rNeg    . . .      Spirit   .    h - +0 acid dragon scales
rPois   .          Reflect  .    (helmet restricted)
rElec   .          Harm     .    c - scarf {rC+ rF+}
rCorr   +          Rampage  .    (gloves unavailable)
Will    .....                    (boots unavailable)
Stlth   +.........               (no amulet)
HPRegen 1.17/turn                (no ring)
MPRegen 0.11/turn                (no ring)

@: lethally poisoned (0 -> -1), on berserk cooldown, slowed, very slow
A: large, unfitting armour, claws 3, regeneration 1, shaggy fur 1, tough skin 1
a: Renounce Religion, Berserk, Trog's Hand, Brothers in Arms


You were on level 9 of the Dungeon.
You worshipped Trog.
Trog was extremely pleased with you.
You visited 2 branches of the dungeon, and saw 10 of its levels.
You also visited: Sewer and Ossuary.

You collected 769 gold pieces.

Inventory:

Missiles
 A - 37 poisoned darts (quivered)
 B - 8 curare-tipped darts {!f}
Armour
 a - a +0 animal skin
 c - a scarf of resistance (worn)
 h - +0 acid dragon scales (worn)
Jewellery
 b - the ring of Banureh {rC+ Will++ Str-3 Slay+4}
   (You acquired it in the Ecumenical Temple)

   [ring of protection from cold]

   Str:       It affects your strength (-3).
   Slay:      It affects your accuracy & damage with ranged weapons and melee
   (+4).
   rC:        It protects you from cold.
   Will:      It greatly increases your willpower.
 g - a +6 ring of strength
Wands
 d - a wand of charming (12)
 q - a wand of mindburst (6)
 r - a wand of iceblast (16)
Scrolls
 e - 2 scrolls of magic mapping
 f - 2 scrolls of identify
 j - a scroll of vulnerability
 n - 2 scrolls of teleportation
 o - 2 scrolls of fog
 u - a scroll of blinking
Potions
 k - a potion of flight
 m - a potion of resistance
 p - 4 potions of cancellation
 s - a potion of ambrosia
 t - 5 potions of curing
 C - 3 potions of heal wounds
 D - 3 potions of invisibility
 E - 2 potions of might
 F - 3 potions of haste


   Skills:
 + Level 7.0 Fighting
 + Level 6.5 Armour
 + Level 7.1 Dodging
 + Level 8.5 Unarmed Combat


You had 9 spell levels left.
You didn't know any spells.
Your spell library was empty.

Dungeon Overview and Level Annotations

Branches:
Dungeon (9/15)             Temple (1/1) D:7           Sewer (visited)
Ossuary (visited)
   Lair: D:8-11         Orc: D:9-12

Altars:
Elyvilon

Shops:
D:2 =

Annotations:
D:9 RascalDebosk's ghost, novice DjCj; avis's ghost, journeyman DgIE


Innate Abilities, Weirdness & Mutations

You are too large for most types of armour.
You have claws for hands.
Your natural rate of healing is unusually fast.
You are covered in fur. (AC +1)
You have tough skin. (AC +1)


Message History

You feel sick. Holysushi's ghost hits you.
* * * LOW HITPOINT WARNING * * *
You miss holysushi's ghost.
Holysushi's ghost is almost destroyed.
* * * LOW HITPOINT WARNING * * *
You feel sick.
You scratch holysushi's ghost.
You feel the power of Trog in you as your rage grows.
You destroy holysushi's ghost!
Trog accepts your kill.
Trog will now gift you melee weapons as you gain piety.
* * * LOW HITPOINT WARNING * * *
You feel sick.
Your Fighting skill increases to level 7!
Your Dodging skill increases to level 7!
You are too berserk!
You are too berserk!
You are too berserk!
You are too berserk!
You are too berserk!
You are too berserk!
You are too berserk!
You are too berserk!
You are too berserk!
You are too berserk!
Unknown command.
* * * LOW HITPOINT WARNING * * *
You feel sick.
You feel a strong urge to attack something.
* * * LOW HITPOINT WARNING * * *
You feel sick.
You are too berserk!
You are too berserk!
You are too berserk!
You are too berserk!
You are too berserk!
You are no longer berserk.
You are exhausted.
You feel yourself slow down.
You die...

#.<..[....'.....♣
#.#...'.....⌠
#.##..'.....♣
#..#.!#....?/
#.....#W...8#
#.#...#W8}?### #.
###.######.# .. #..#
#.## . ≈# ##@# #.# #≈
#.# ##.# .### #.###..#
..# #.##..## . #.##
#....## ..###..# ###..#
.......###########).###
#........##.........#
####.#......>.......#


There were no monsters in sight!

Vanquished Creatures
  The ghost of hikkokomori the Slasher, a novice TrFi of Wu Jian (D:9)
  The ghost of holysushi the Carver, a novice OpMo (D:9)
  A wyvern (D:7)
  6 yaks (D:8)
  An acid dragon (D:9)
  3 black bears
  3 orc warriors (D:8)
  An ice beast (D:7)
  An ogre (D:7)
  6 centaurs
  A phantom (D:7)
  7 kobold brigands
  3 bullfrogs
  2 scorpions (D:5)
  4 wights (D:9)
  7 killer bees
  2 jellies
  An orc priest (D:8)
  4 hounds
  A gnoll bouda (D:8)
  Terence (D:3)
  3 iguanas
  6 orc wizards
  8 mummies (Ossuary)
  6 adders
  9 gnolls
  3 river rats (D:6)
  A white imp (D:7)
  2 worms
  A dart slug (D:5)
  19 orcs
  8 ball pythons
  5 endoplasms
  6 giant cockroaches
  3 gnoll zombies (Ossuary)
  6 goblins
  4 hobgoblins
  5 bats
  A frilled lizard (D:2)
  A hobgoblin zombie (Ossuary)
  29 kobolds
  A kobold zombie (Ossuary)
  3 orc zombies (Ossuary)
  5 rats
  A fungus (D:5)
  A plant (D:8)
194 creatures vanquished.

Notes
Turn   | Place    | Note
-------+----------+-------------------------------------------
     0 | D:1      | koil the Troll Berserker began the quest for the Orb.
     0 | D:1      | Reached XP level 1. HP: 22/22 MP: 0/0
   318 | D:1      | You fall into a shaft and drop 1 floor!
   424 | D:2      | Reached XP level 2. HP: 25/29 MP: 1/1
   470 | D:2      | Reached XP level 3. HP: 33/36 MP: 2/2
   717 | D:2      | Found Qaruga's Jewellery Shop.
   730 | D:2      | Reached skill level 1 in Armour
  1034 | D:3      | Found a white marble altar of Elyvilon.
  1125 | D:3      | Noticed Terence
  1131 | D:3      | Killed Terence
  1132 | D:3      | Reached XP level 4. HP: 25/44 MP: 3/3
  1213 | D:3      | Reached ** piety under Trog
  1906 | D:4      | Reached XP level 5. HP: 28/53 MP: 4/4
  2186 | D:5      | Entered Level 5 of the Dungeon
  2195 | D:5      | Reached skill level 4 in Unarmed Combat
  2239 | D:5      | Reached XP level 6. HP: 54/61 MP: 5/5
  2830 | D:5      | Reached XP level 7. HP: 41/68 MP: 6/6
  2983 | D:5      | Reached skill level 5 in Unarmed Combat
  3083 | D:5      | Identified the +1 hand axe of Roraq {drain, Dex+4}
  3640 | D:6      | Found a glowing drain.
  3654 | D:6      | Reached *** piety under Trog
  3678 | Sewer    | Entered a sewer
  3709 | Sewer    | Reached XP level 8. HP: 59/79 MP: 7/7
  4335 | D:6      | Reached skill level 6 in Unarmed Combat
  4445 | D:7      | Reached skill level 5 in Fighting
  4445 | D:7      | Reached skill level 5 in Dodging
  4458 | D:7      | Identified the +7 spear of Ziegosk {vorpal, Str+2}
  4582 | D:7      | Found a sand-covered staircase.
  4588 | Ossuary  | Entered an ossuary
  4605 | Ossuary  | Reached **** piety under Trog
  4926 | D:7      | Found a staircase to the Ecumenical Temple.
  5021 | D:7      | Reached XP level 9. HP: 69/88 MP: 8/8
  5327 | D:7      | Reached skill level 5 in Armour
  5395 | D:7      | Found the +1 Delatra's gloves {ID++}
  5765 | Temple   | Entered the Ecumenical Temple
  5806 | Temple   | Identified a scroll of acquirement
  5806 | Temple   | Acquired the ring of Banureh {rC+ Will++ Str-3 Slay+4}
  6080 | D:8      | Reached skill level 7 in Unarmed Combat
  6404 | D:8      | Reached XP level 10. HP: 93/100 MP: 9/9
  6823 | D:9      | Reached skill level 8 in Unarmed Combat
  6824 | D:9      | Reached ***** piety under Trog
  6893 | D:9      | Found a runed translucent gate.
  6893 | D:9      | Found a runed translucent gate.
  6893 | D:9      | Found a runed translucent gate.
  6894 | D:9      | Noticed avis's ghost (journeyman DgIE)
  6894 | D:9      | Noticed hikkokomori's ghost (novice TrFi)
  6895 | D:9      | Noticed RascalDebosk's ghost (novice DjCj)
  6895 | D:9      | Noticed holysushi's ghost (novice OpMo)
  6931 | D:9      | Noticed a boulder beetle
  6997 | D:9      | HP: 17/100 [hikkokomori's ghost (4)]
  7002 | D:9      | HP: 29/150 [hikkokomori's ghost (8)]
  7004 | D:9      | Killed hikkokomori's ghost
  7007 | D:9      | HP: 20/150 [poisoned by holysushi's ghost]
  7010 | D:9      | HP: 7/150 [holysushi's ghost (10)]
  7012 | D:9      | HP: 3/150 [holysushi's ghost (3)]
  7013 | D:9      | HP: 1/150 [poisoned by holysushi's ghost]
  7014 | D:9      | Killed holysushi's ghost
  7017 | D:9      | Succumbed to holysushi's ghost's poison

Illustrated notes

Levels and vault maps discovered:
D:1:      dpeg_arrival_round_c, layout_basic
D:2:      layout_rooms, serial_shops, nicolae_shop_statue_plus
D:3:      layout_basic, elyvilon_altar_3, kennysheep_generic_room_8,
          uniq_terence
D:4:      layout_basic, nicolae_figureground_sparkle
D:5:      layout_layer_cave, dreamdust_gnoll_farm
D:6:      layout_basic, cheibrodos_sewer_entry_sluice
D:7:      layout_cave_pods, minmay_temple_entry_nine_rooms,
          nicolae_ossuary_entry_plus
D:8:      layout_loops_ring, minmay_misc_feat_tiny, serial_bayou_pond_e,
          nrook_uturn
D:9:      layout_rooms, david_lair_shrubbed, gammafunk_ghost_cemetery,
          serial_shops, kennysheep_mini_moat
Temple:   kilobyte_greek_temple

Skill      XL: |  1  2  3  4  5  6  7  8  9 10 |
---------------+-------------------------------+-----
Armour         | 1 2 3 4 5 6 |  6.5
Dodging        | 3 4 5 6 7 |  7.1
Fighting       | 3 4 5 6 7 |  7.0
Unarmed Combat | 4 5 6 7 8 |  8.5

Action                   |  1- 3 |  4- 6 |  7- 9 | 10-12 || total
-------------------------+-------+-------+-------+-------++-------
Melee: Unarmed           |    67 |    94 |   319 |    65 ||   545
       Punch             |       |     1 |    13 |     2 ||    16
Invok: Berserk           |     1 |     1 |     1 |     3 ||     6
  Use: Scroll            |       |       |    27 |     1 ||    28
       Potion            |       |       |       |     2 ||     2
Armor: Animal skin       |    28 |    23 |    99 |     7 ||   157
       Acid dragon scale |       |       |       |     1 ||     1
Dodge: Dodged            |    30 |    58 |   171 |    26 ||   285

Table legend: (Time is in decaauts)
 A = Elapsed time spent in this place.
 B = Non-inter-level travel time spent in this place.
 C = Inter-level travel time spent in this place.
 D = Time resting spent in this place.
 E = Time spent auto-exploring this place.
 F = Levels seen in this place.
 G = Mean time per level.
                   A        B        C        D        E       F      G
               +--------+--------+--------+--------+--------+-----+--------+
         Total |   7018 |   6792 |    226 |    156 |   5233 |  12 |  584.8 |
       Dungeon |   6247 |   6051 |    196 |     56 |   4902 |   9 |  694.1 |
        Temple |    194 |    164 |     30 |    100 |      0 |   1 |  194.0 |
         Sewer |    382 |    382 |      0 |      0 |    217 |   1 |  382.0 |
       Ossuary |    193 |    193 |      0 |      0 |    114 |   1 |  193.0 |
               +--------+--------+--------+--------+--------+-----+--------+

Top non-repeatable levels by time:
     D:5: 1237 daAuts
     D:7: 1134 daAuts
     D:8: 797 daAuts
     D:6: 644 daAuts
     D:3: 630 daAuts
     D:4: 563 daAuts
     D:1: 541 daAuts
     D:2: 448 daAuts
   Sewer: 382 daAuts
     D:9: 249 daAuts
  Temple: 194 daAuts
 Ossuary: 193 daAuts
